 Dungeon Crawl Stone Soup version 0.28-a0-816-gb054d885db (webtiles) character file.

Game seed: 2277099579723499510

6 cheechan the Scratcher (level 1, 0/10 HPs)
             Began as a Felid Chaos Knight on Nov 8, 2021.
             Was a Plaything of Xom.
             Slain by a hobgoblin (4 damage)
             ... on level 1 of the Dungeon.
             The game lasted 00:01:22 (339 turns).

cheechan the Scratcher (Felid Chaos Knight)          Turns: 339, Time: 00:01:23

Health: 0/10       AC:  1    Str:  8    XL:     1   Next: 75%
Magic:  2/2        EV: 17    Int: 13    God:    Xom [..*...]
Gold:   12         SH:  0    Dex: 15    Spells: 0/0 levels left
                                        Lives:  0   Deaths: 0

rFire   . . .      SeeInvis +     - Unarmed
rCold   . . .      Faith    +   (shield unavailable)
rNeg    . . .      Spirit   .   (armour unavailable)
rPois   .          Reflect  .   (helmet unavailable)
rElec   .          Harm     .   (cloak unavailable)
rCorr   .          Rampage  .   (gloves unavailable)
Will    .....                   (boots unavailable)
Stlth   +.........              b - amulet of faith
HPRegen 0.03/turn               (no ring)
MPRegen 0.08/turn               (no ring)

@: very slow
A: very small, claws 1, fangs 3, see invisible, speed 1, shaggy fur 1, stealthy
paws, no weapons or thrown items, no armour, multi-lived
a: Renounce Religion


You were on level 1 of the Dungeon.
You worshipped Xom.
You were a toy of Xom.
You visited 1 branch of the dungeon, and saw 1 of its levels.

You collected 12 gold pieces.

Inventory:

Jewellery
 b - an amulet of faith (around neck)
Potions
 a - 2 potions of curing {unknown}


   Skills:
 + Level 3.1 Fighting
 + Level 3.2 Dodging
 + Level 3.3 Unarmed Combat


You couldn't memorise any spells.
You didn't know any spells.
Your spell library was empty.

Dungeon Overview and Level Annotations

Branches:
Dungeon (1/15)

Altars:


Innate Abilities, Weirdness & Mutations

You have sharp claws.
You have razor-sharp teeth.
You have supernaturally acute eyesight. (SInv)
You cover ground quickly. (Speed+)
You are covered in fur. (AC +1)
Your paws help you pounce on unaware monsters.
You are incapable of wielding weapons or throwing items.
You cannot wear armour.
You gain extra lives every three experience levels.


Message History

You open the door.
A jackal comes into view.
The jackal barks!
The jackal moves out of view.
A jackal comes into view.
There is an open door here.
The jackal barks!
Really walk into that cloud of seething chaos? [Y]es or [N]o only, please.
Really walk into that cloud of seething chaos?
Okay, then.
The jackal completely misses you.
You barely miss the jackal.
You scratch the jackal but do no damage.
The jackal closely misses you. The jackal barely misses you. x2
You scratch the jackal.
You kill the jackal!
The jackal closely misses you. The jackal bites you.
The jackal barely misses you.
You see here a jackal corpse.
You miss the jackal. The jackal closely misses you.
You scratch the jackal.
You kill the jackal!
Your trail of clouds dissipates.
Found 4 large rocks.
A hobgoblin comes into view.
The hobgoblin shouts!
You enter the shallow water.
Moving in this stuff is going to be slow.
You enter the shallow water.
Moving in this stuff is going to be slow.
The hobgoblin splashes around in the water.
Your unstable footing causes you to fumble your attack.
The hobgoblin hits you.
You barely miss the hobgoblin.
The hobgoblin splashes around in the water.
You barely miss the hobgoblin.
You scratch the hobgoblin but do no damage.
The hobgoblin hits you.
You die...

†...'.......§≈≈§§§≈..............
..###..>....≈≈≈≈≈≈≈≈≈....#####.#.
#.# ##......≈§§≈≈§≈≈≈≈...# #.##
#.# ##...≈≈≈§≈§§§≈≈≈≈≈..# #...
#.# ##....≈≈§≈≈≈≈≈≈....# #### #.#
##.....≈≈≈≈≈......# # #.#
#......≈≈≈.......# # #.#
#.......≈≈.......# # ..####
##.......@.......# #
.....###........g.......# #
####.#.......###...###### #
..##.#.#...#.###.### #
...#.#.##........# #
.....#.##..#.##### #
.(.........#.# ....##.##.##.#
...# #.##.#


You could see a hobgoblin.

Vanquished Creatures
  2 hobgoblins (D:1)
  2 jackals (D:1)
  A kobold (D:1)
5 creatures vanquished.

Notes
Turn   | Place    | Note
-------+----------+-------------------------------------------
     0 | D:1      | cheechan the Felid Chaos Knight began the quest for the
                  | Orb.
     0 | D:1      | Reached XP level 1. HP: 10/10 MP: 2/2
    81 | D:1      | XOM: divination: detect items
   117 | D:1      | XOM: divination: magic mapping
   220 | D:1      | XOM: cloud trail
   339 | D:1      | Slain by a hobgoblin

Illustrated notes

Levels and vault maps discovered:
D:1:      enne_arrival_octagon_isle, layout_loops_corners, lemuel_old_faithful

Action                   || total
-------------------------++-------
Melee: Unarmed           ||    18
       Bite              ||     1
  Use: Scroll            ||     1
 Stab: Sleeping          ||     1
Dodge: Dodged            ||    11

Table legend: (Time is in decaauts)
 A = Elapsed time spent in this place.
 B = Non-inter-level travel time spent in this place.
 C = Inter-level travel time spent in this place.
 D = Time resting spent in this place.
 E = Time spent auto-exploring this place.
 F = Levels seen in this place.
 G = Mean time per level.
                   A        B        C        D        E       F      G
               +--------+--------+--------+--------+--------+-----+--------+
         Total |    278 |    278 |      0 |      0 |      0 |   1 |  278.0 |
       Dungeon |    278 |    278 |      0 |      0 |      0 |   1 |  278.0 |
               +--------+--------+--------+--------+--------+-----+--------+

Top non-repeatable levels by time:
     D:1: 278 daAuts
